 Dungeon Crawl Stone Soup version 0.29-a0-96-g93358da72b (webtiles) character file.

Game seed: 2222909944107174506

20027 Gargoyl the Cleaver (level 12, -15/79 HPs)
             Began as a Gargoyle Abyssal Knight on Feb 12, 2022.
             Was a High Priest of Lugonu.
             Hit by a javelin thrown by a minotaur (20 damage)
             ... on level 1 of the Lair of Beasts.
             The game lasted 00:13:50 (13729 turns).

Gargoyl the Cleaver (Gargoyle Abyssal Knight)      Turns: 13729, Time: 00:13:50

Health: -15/79     AC: 22    Str: 22    XL:     12   Next: 75%
Magic:  13/13      EV: 13    Int: 11    God:    Lugonu [*****.]
Gold:   403        SH:  0    Dex: 10    Spells: 11/11 levels left

rFire   + . .      SeeInvis .   g - +8 broad axe "Spiderbane" {venom, rElec rPois}
rCold   . . .      Faith    .   q - orb {light}
rNeg    + . .      Spirit   .   v - +0 ring mail {rF+}
rPois   ∞          Reflect  .   n - +0 helmet
rElec   +          Harm     .   (no cloak)
rCorr   .          Rampage  .   m - +0 pair of gloves
Will    ++...                   (no boots)
Stlth   +.........              (no amulet)
HPRegen 0.23/turn               c - +4 ring of protection
MPRegen 0.13/turn               l - ring of willpower

@: glowing, studying Dodging
A: sickness immunity, AC +8, negative energy resistance 1, electricity
resistance, torment resistance 1, petrification resistance, strong-willed 1,
wild magic 1
a: Renounce Religion, Depart the Abyss, Bend Space, Banish, Corrupt, Enter the
Abyss


You were on level 1 of the Lair of Beasts.
You worshipped Lugonu.
Lugonu was extremely pleased with you.
You visited 2 branches of the dungeon, and saw 12 of its levels.
You visited the Abyss 1 time.

You collected 727 gold pieces.
You spent 324 gold pieces at shops.

Inventory:

Hand Weapons
 a - a +1 hand axe of draining
 g - the +8 broad axe "Spiderbane" (weapon) {venom, rElec rPois}
   (You acquired it on level 3 of the Dungeon)

   It poisons the flesh of those it strikes.
   rElec:     It insulates you from electricity.
   rPois:     It protects you from poison.
 k - a +3 war axe of venom
 s - a +2 trident of protection
 E - a +2 scimitar of flaming
Missiles
 f - 25 poisoned darts (quivered)
 w - 2 throwing nets
Armour
 m - a +0 pair of gloves (worn)
 n - a +0 helmet (worn)
 q - an orb of light (worn)
 u - a +2 cloak
 v - a +0 ring mail of fire resistance (worn)
Jewellery
 c - a +4 ring of protection (left hand)
 l - a ring of willpower (right hand)
 r - a +6 ring of dexterity
 F - an amulet of magic regeneration
 I - an amulet of guardian spirit
Wands
 x - a wand of iceblast (22)
 C - a wand of flame (11)
Scrolls
 h - a scroll of silence
 o - 2 scrolls of fog
 y - a scroll of teleportation
 G - 2 scrolls of identify
 H - a scroll of magic mapping
 J - a scroll of brand weapon
Potions
 b - 2 potions of might
 d - 10 potions of curing
 e - 2 potions of resistance {unknown}
 i - 4 potions of flight {unknown}
 j - 2 potions of brilliance {unknown}
 p - 3 potions of heal wounds
 t - a potion of berserk rage {unknown}
 z - a potion of lignification {unknown}
 A - a potion of haste {unknown}
 B - 2 potions of mutation
 D - a potion of cancellation {unknown}


   Skills:
 + Level 10.7 Fighting
 + Level 0.3 Long Blades
 + Level 14.4 Axes
 + Level 0.3 Throwing
 + Level 7.6 Armour
 + Level 6.9 Dodging
 + Level 3.7 Stealth
 + Level 2.2 Invocations


You had 11 spell levels left.
You didn't know any spells.
Your spell library contained the following spells:

 Spells                   Type           Power      Damage    Failure   Level
 Animate Skeleton         Necr           0%         N/A       56%         1
 Beastly Appendage        Tmut           0%         N/A       56%         1
 Magic Dart               Conj           0%         1d3       56%         1
 Pain                     Necr           0%         1d4       56%         1
 Sting                    Tmut/Pois      0%         1d3       56%         1
 Ensorcelled Hibernation  Hex/Ice        0%         N/A       71%         2
 Passwall                 Tmut/Erth      0%         N/A       71%         2
 Poisonous Vapours        Pois/Air       0%         N/A       71%         2
 Searing Ray              Conj           0%         2d4       71%         2
 Wereblood                Tmut           0%         N/A       71%         2
 Spider Form              Tmut/Pois      0%         N/A       89%         3
 Swiftness                Air            0%         N/A       89%         3
 Vampiric Draining        Necr           0%         2d6       89%         3
 Airstrike                Air            0%         N/A       99%         4
 Fulminant Prism          Conj/Hex       0%         3d6       99%         4
 Olgreb's Toxic Radiance  Pois           0%         N/A       99%         4
 Summon Lightning Spire   Summ/Air       0%         N/A       99%         4
 Excruciating Wounds      Necr           0%         N/A       100%        5
 Lightning Bolt           Conj/Air       0%         1d11      100%        5
 Simulacrum               Ice/Necr       0%         N/A       100%        6


Dungeon Overview and Level Annotations

Branches:
Dungeon (11/15)            Temple (0/1) D:4            Lair (1/6) D:11
    Orc: D:9-12

Altars:
Cheibriados
Elyvilon
Gozag
Kikubaaqudgha
Makhleb
Nemelex Xobeh
Okawaru
Ru
Sif Muna
Wu Jian
Xom
The Shining One

Shops:
D:8 !


Innate Abilities, Weirdness & Mutations

You are immune to sickness and miasma.
Your stone body is resilient. (AC +8)
You are immune to poison.
You resist negative energy. (rN+)
You are resistant to electric shocks. (rElec)
You are resistant to unholy torment.
You are immune to petrification.
You are strong-willed. (Will+)
Your spells are a little harder to cast, but a little more powerful.


Message History

Gargoyl's ghost hits you but does no damage.
You hit Gargoyl's ghost but do no damage.
Gargoyl's ghost is severely damaged.
Gargoyl's ghost hits you but does no damage.
You slash Gargoyl's ghost!
Gargoyl's ghost is almost destroyed.
Gargoyl's ghost hits you but does no damage.
You hit Gargoyl's ghost but do no damage.
Gargoyl's ghost is almost destroyed.
Gargoyl's ghost hits you but does no damage.
You slash Gargoyl's ghost!
You destroy Gargoyl's ghost!
Lugonu accepts your kill.
You hit the minotaur but do no damage.
The minotaur is poisoned.
The minotaur closely misses you. x2
You slice the minotaur!!
The minotaur looks as sick as possible!
The minotaur is moderately wounded.
The minotaur hits you but does no damage.
The minotaur gores you!
You slash the minotaur!
The minotaur is heavily wounded.
The minotaur hits you!
The minotaur gores you but does no damage.
You hit the minotaur but do no damage.
The minotaur looks as sick as possible!
The minotaur is heavily wounded.
The minotaur hits you but does no damage.
The minotaur gores you but does no damage.
You slash the minotaur!
The minotaur looks as sick as possible!
The minotaur is severely wounded.
You slash the minotaur!
The minotaur looks as sick as possible!
The minotaur is almost dead.
The minotaur hits you!!
* * * LOW HITPOINT WARNING * * *
The minotaur gores you.
* * * LOW HITPOINT WARNING * * *
The minotaur throws a javelin.
The javelin pierces through you.
* * * LOW HITPOINT WARNING * * *
Unknown command.
The minotaur throws a javelin.
The javelin pierces through you!!
You die...

...##.##.#.#.##.#..#F#WH#......#.
...##.##.#.#..#.##.[...##........
...##.#..#.#.#..#.#...# #......#.
......##.#......#.#.#.###......#.
......##........#.#...#.#......#.
......#..#.#.##.#.#..##.#..#.....
.....>#P.#.#.##.#.......#........
.........#.#..#.###H''###........
..............#.@..†.............
......##............P............
......##...#.##...#.P#.#.........
......#....#.##...#.##.#.#.......
.......#...#.##...#....#...#...#.
......#....#.##.#.#..#.#...#.....
.(....##.....##.#...##.#.#...#.#.
.............#P.#...##.#.#.#...#.
......##............##.......#.#.


You could see a minotaur (extremely poisoned).

Vanquished Creatures
  A hydra (Lair:1)
  2 centaur warriors
  4 two-headed ogres
  The ghost of Gargoyl the Protected, a novice GrAK of Lugonu (Lair:1)
  An ugly thing (D:8)
  A manticore (D:10)
  A black mamba (Lair:1)
  7 cane toads (Lair:1)
  A gargoyle (D:11)
  A kobold demonologist (D:11)
  A rime drake (Lair:1)
  A komodo dragon (Lair:1)
  An efreet (D:11)
  4 trolls
  3 hornets
  2 shadows (D:10)
  A vampire (D:10)
  A wraith (D:11)
  2 basilisks (Lair:1)
  A wyvern (D:8)
  12 yaks
  Eustachio (D:5)
  3 steam dragons
  Menkaure (D:6)
  6 water moccasins
  Duvessa (D:6)
  2 ice beasts (D:6)
  2 black bears
  A sky beast (D:6)
  4 orc warriors
  2 necrophages
  3 ogres (D:6)
  3 centaurs
  2 phantoms
  10 bullfrogs
  4 kobold brigands
  Blork the orc (D:5)
  3 scorpions
  Dowan (D:6)
  10 killer bees
  11 wights
  An electric eel (Lair:1)
  A howler monkey (D:6)
  4 centaur zombies
  4 hounds
  A bullfrog skeleton (D:5)
  5 jellies
  A bullfrog zombie (D:5)
  2 centaur skeletons
  8 orc priests
  2 gnoll shamans
  An iguana (D:4)
  8 orc wizards
  A hound skeleton (D:4)
  A howler monkey zombie (D:8)
  8 gnolls
  7 adders
  An ufetubus (D:5)
  An adder skeleton (D:4)
  3 worms
  5 dart slugs
  29 orcs
  5 bats
  5 endoplasms
  4 giant cockroaches
  5 hobgoblins
  6 jackals
  3 quokkas
  8 ball pythons
  4 frilled lizards
  11 goblins
  12 kobolds
  6 rats
283 creatures vanquished.

Vanquished Creatures (others)
  41 fungi
  54 plants
95 creatures vanquished.

Grand Total: 378 creatures vanquished

Notes
Turn   | Place    | Note
-------+----------+-------------------------------------------
     0 | Abyss:1  | Gargoyl the Gargoyle Abyssal Knight began the quest for the
                  | Orb.
     0 | Abyss:1  | Reached XP level 1. HP: 14/14 MP: 2/2
    38 | D:1      | Escaped the Abyss
   204 | D:1      | Reached * piety under Lugonu
   357 | D:1      | Reached XP level 2. HP: 12/20 MP: 3/3
  1249 | D:1      | Reached skill level 2 in Axes
  1575 | D:2      | Reached XP level 3. HP: 24/24 MP: 4/4
  2316 | D:2      | Reached skill level 1 in Dodging
  2316 | D:2      | Reached XP level 4. HP: 25/29 MP: 5/5
  2728 | D:3      | Identified a scroll of acquirement
  2728 | D:3      | Acquired the +8 broad axe "Spiderbane" {venom, rElec rPois}
  2812 | D:3      | Reached skill level 3 in Axes
  2815 | D:3      | Reached ** piety under Lugonu
  2959 | D:3      | Reached XP level 5. HP: 25/33 MP: 6/6
  3680 | D:3      | Reached XP level 6. HP: 6/40 MP: 7/7
  3946 | D:3      | Reached skill level 4 in Axes
  4004 | D:4      | Found a white marble altar of Elyvilon.
  4007 | D:4      | Reached skill level 5 in Fighting
  4069 | D:4      | Found an ornate altar of the Wu Jian Council.
  4134 | D:4      | Found a staircase to the Ecumenical Temple.
  4307 | D:4      | Reached XP level 7. HP: 42/44 MP: 8/8
  4367 | D:4      | Reached skill level 5 in Axes
  4447 | D:4      | Reached *** piety under Lugonu
  4514 | D:4      | Noticed a two-headed ogre
  4522 | D:4      | Killed a two-headed ogre
  4523 | D:4      | Reached skill level 6 in Axes
  4523 | D:4      | Reached skill level 1 in Stealth
  4523 | D:4      | Reached XP level 8. HP: 22/51 MP: 9/9
  4947 | D:5      | Entered Level 5 of the Dungeon
  4997 | D:5      | Reached skill level 7 in Axes
  5092 | D:5      | Noticed Blork the orc
  5102 | D:5      | Killed Blork the orc
  5281 | D:5      | Noticed Eustachio
  5510 | D:5      | Reached skill level 8 in Axes
  5513 | D:5      | Reached XP level 9. HP: 56/56 MP: 10/10
  5520 | D:5      | Killed Eustachio
  6056 | D:6      | Reached skill level 9 in Axes
  6135 | D:6      | Noticed Duvessa
  6136 | D:6      | Noticed a troll
  6138 | D:6      | Noticed Dowan
  6144 | D:6      | Killed Duvessa
  6149 | D:6      | Killed a troll
  6153 | D:6      | Killed Dowan
  6425 | D:6      | Noticed Menkaure
  6431 | D:6      | Killed Menkaure
  6432 | D:6      | Reached skill level 10 in Axes
  6473 | D:6      | Reached XP level 10. HP: 63/63 MP: 11/11
  6623 | D:6      | Reached **** piety under Lugonu
  6874 | D:6      | Reached skill level 5 in Armour
  7029 | D:7      | Found a flagged portal.
  7102 | D:7      | Found a burning altar of Makhleb.
  7327 | D:7      | Gained mutation: Your magical capacity is low. (-10% MP)
                  | [potion of mutation]
  7328 | D:7      | Lost mutation: Your magical capacity is low. (-10% MP)
                  | [potion of mutation]
  7328 | D:7      | Gained mutation: You tend to lose your temper in combat.
                  | [potion of mutation]
  7328 | D:7      | Gained mutation: Your mind is acute. (Int +2) [potion of
                  | mutation]
  7329 | D:7      | Lost mutation: Your mind is acute. (Int +2) [potion of
                  | mutation]
  7329 | D:7      | Lost mutation: You tend to lose your temper in combat.
                  | [potion of mutation]
  7329 | D:7      | Gained mutation: You are strong-willed. (Will+) [potion of
                  | mutation]
  7329 | D:7      | Gained mutation: Your spells are a little harder to cast,
                  | but a little more powerful. [potion of mutation]
  7570 | D:7      | Found an iron altar of Okawaru.
  7782 | D:7      | Found a glowing golden altar of the Shining One.
  7785 | D:7      | Found an iron altar of Okawaru.
  7785 | D:7      | Found a shimmering altar of Xom.
  7787 | D:7      | Found a sparkling altar of Nemelex Xobeh.
  7787 | D:7      | Found a snail-covered altar of Cheibriados.
  7787 | D:7      | Found a shimmering blue altar of Sif Muna.
  8054 | D:8      | Found a sparkling altar of Nemelex Xobeh.
  8172 | D:8      | Reached skill level 11 in Axes
  8344 | D:8      | Found Udasm's Distillery.
  8354 | D:8      | Bought a potion of heal wounds for 60 gold pieces
  8354 | D:8      | Bought a potion of curing for 36 gold pieces
  8354 | D:8      | Bought a potion of curing for 36 gold pieces
  8354 | D:8      | Bought a potion of mutation for 96 gold pieces
  8354 | D:8      | Bought a potion of mutation for 96 gold pieces
  8456 | D:8      | Noticed a brown ugly thing
  8469 | D:8      | Killed a brown ugly thing
  8784 | D:9      | Reached ***** piety under Lugonu
  9739 | D:9      | Reached XP level 11. HP: 68/69 MP: 12/12
  9940 | D:10     | Entered Level 10 of the Dungeon
 10110 | D:10     | Reached skill level 12 in Axes
 10160 | D:10     | Found an ancient bone altar of Kikubaaqudgha.
 10265 | D:10     | Noticed a centaur warrior
 10272 | D:10     | Killed a centaur warrior
 10487 | D:10     | Found a sacrificial altar of Ru.
 10534 | D:10     | Noticed a manticore
 10543 | D:10     | Killed a manticore
 10759 | D:11     | Noticed a two-headed ogre
 10761 | D:11     | Noticed a two-headed ogre
 10806 | D:10     | Killed a two-headed ogre
 11079 | D:11     | Reached skill level 5 in Dodging
 11082 | D:11     | Killed a two-headed ogre
 11281 | D:11     | Reached skill level 13 in Axes
 11286 | D:11     | Noticed a centaur warrior
 11296 | D:11     | Killed a centaur warrior
 11422 | D:11     | Found a staircase to the Lair.
 11621 | D:11     | Noticed a two-headed ogre
 11634 | D:11     | Killed a two-headed ogre
 11891 | D:11     | Reached XP level 12. HP: 70/77 MP: 13/13
 11994 | D:11     | Got the Papyrus of Lightness and Evil
 12371 | Lair:1   | Entered Level 1 of the Lair of Beasts
 12381 | Lair:1   | Reached skill level 10 in Fighting
 12525 | Lair:1   | Noticed a seven-headed hydra
 12533 | Lair:1   | Killed a two-headed hydra
 12555 | Lair:1   | Found a runed translucent gate.
 12555 | Lair:1   | Found a runed translucent gate.
 12555 | Lair:1   | Found a runed translucent gate.
 12557 | Lair:1   | Noticed a minotaur
 12557 | Lair:1   | Noticed Gargoyl's ghost (novice GrAK)
 12880 | Lair:1   | Reached skill level 14 in Axes
 13033 | Lair:1   | Found an opulent altar of Gozag.
 13721 | Lair:1   | Killed Gargoyl's ghost
 13729 | Lair:1   | Hit by a javelin thrown by a minotaur

Illustrated notes

Levels and vault maps discovered:
D:1:      tarquinn_simple_flora_water_b, layout_loops_corners
D:2:      layout_basic
D:3:      layout_loops_ring
D:4:      layout_loops_cross, nicolae_overflow_crystal_walls,
          nicolae_elyvilon_peaceful_grove, minmay_temple_entry_sparse_star
D:5:      layout_rooms, uniq_blork_the_orc, uniq_eustachio
D:6:      layout_rooms, uniq_duvessa, uniq_menkaure
D:7:      layout_cave_pods, mainiacjoe_overflow_surrounded_room,
          doesnt_xom_only_xom, okawaru_altar_gauntlet_db, enter_bailey_3
D:8:      layout_cave_pods, nemelex_diamond_rough_becter, serial_shops, shop,
          minmay_manual_monstrance
D:9:      layout_stronghold
D:10:     layout_irregular_city, nicolae_ru_the_path_less_chosen,
          kiku_gazebo_pond_becter
D:11:     layout_long_grid, due_lair_maze_entry_diamond
Lair:1:   layout_long_grid, maelrawn_ghost_gauntlet_escape, basic_altar,
          beast_lair_carwin_9, serial_bayou_shore_a

Skill      XL: |  1  2  3  4  5  6  7  8  9 10 11 12 |
---------------+-------------------------------------+-----
Fighting       | 4 5 6 7 8 9 10 | 10.7
Axes           | 2 3 4 6 8 10 11 13 14 | 14.4
Dodging        | 1 2 3 5 6 |  6.9
Armour         | 3 4 5 6 7 |  7.6
Stealth        | 1 2 3 |  3.7
Long Blades    | |  0.3
Throwing       | |  0.3
Invocations    | |  2.2

Action                   |  1- 3 |  4- 6 |  7- 9 | 10-12 || total
-------------------------+-------+-------+-------+-------++-------
Melee: Hand axe          |   101 |     7 |       |       ||   108
       Punch             |     1 |     1 |       |       ||     2
       Broad axe         |       |    80 |   110 |   319 ||   509
       Scimitar          |       |       |       |     5 ||     5
Throw: Dart              |       |       |       |     2 ||     2
Invok: Depart the Abyss  |     1 |       |       |       ||     1
  Use: Scroll            |     4 |     7 |     2 |     4 ||    17
       Potion            |       |       |     1 |     3 ||     4
Armor: Leather armour    |    54 |    39 |    37 |       ||   130
       Ring mail         |       |       |    31 |   276 ||   307
Dodge: Dodged            |    80 |    57 |    65 |   236 ||   438

Table legend: (Time is in decaauts)
 A = Elapsed time spent in this place.
 B = Non-inter-level travel time spent in this place.
 C = Inter-level travel time spent in this place.
 D = Time resting spent in this place.
 E = Time spent auto-exploring this place.
 F = Levels seen in this place.
 G = Mean time per level.
                   A        B        C        D        E       F      G
               +--------+--------+--------+--------+--------+-----+--------+
         Total |  13812 |  13408 |    404 |   1504 |   9778 |  13 | 1062.5 |
       Dungeon |  12414 |  12010 |    404 |   1425 |   8692 |  11 | 1128.5 |
          Lair |   1360 |   1360 |      0 |     79 |   1049 |   1 | 1360.0 |
         Abyss |     38 |     38 |      0 |      0 |     37 |   1 |   38.0 |
               +--------+--------+--------+--------+--------+-----+--------+

Top non-repeatable levels by time:
     D:1: 1541 daAuts
  Lair:1: 1360 daAuts
    D:11: 1312 daAuts
     D:3: 1247 daAuts
     D:4: 1217 daAuts
     D:6: 1189 daAuts
     D:9: 1168 daAuts
     D:2: 1153 daAuts
    D:10: 1113 daAuts
     D:7: 907 daAuts
     D:8: 902 daAuts
     D:5: 660 daAuts
 Abyss:1: 38 daAuts
